 Dungeon Crawl Stone Soup version 0.14-a0-759-g26e2352 (webtiles) character file.

173 4tharraofdagon the Firebug (level 4, -7/35 HPs)
             Began as a Djinni Fire Elementalist on Nov 8, 2013.
             Mangled by Blork the orc
             ... wielding a +0,+0 orcish battleaxe
              (14 damage)
             ... while paralysed by a potion of paralysis
             ... on Level 4 of the Dungeon.
             The game lasted 00:03:54 (653 turns).

4tharraofdagon the Firebug (DjFE)                    Turns: 653, Time: 00:03:54

HP  -7/35        AC  3     Str  8      XL: 4   Next: 80%
MP   0/0         EV  2     Int 16      God:
Gold 50          SH  0     Dex 14      Spells:  3 memorised,  0 levels left

Res.Fire  : + + +   See Invis. : .   c - +0 short sword
Res.Cold  : x . .   Warding    : .   i - +0 leather armour
Life Prot.: + + +   Conserve   : .   (no shield)
Res.Poison: .       Res.Corr.  : .   (no helmet)
Res.Elec. : .       Clarity    : .   (no cloak)
Sust.Abil.: . .     Spirit.Shd : .   (no gloves)
Res.Mut.  : .       Stasis     : .   (boots unavailable)
Res.Rott. : .       Flight     : +   (no amulet)
Saprovore : . . .                    (no ring)
                                     (no ring)

@: paralysed, flying, very slightly contaminated, slightly resistant to hostile
enchantments, unstealthy
A: fire immunity, cold vulnerability, life protection 3
a: no special abilities


You were on level 4 of the Dungeon.
You were not hungry.

You visited 1 branch of the dungeon, and saw 5 of its levels.

You collected 50 gold pieces.

Inventory:

Hand weapons
 c - a +0,+0 short sword (weapon)
Armour
 a - a +0 robe
 i - a +0 leather armour (worn)
Scrolls
 d - 2 scrolls of fear {unknown}
 e - 2 scrolls of curse weapon {unknown}
 f - 2 scrolls of curse jewellery {unknown}
 g - a scroll of teleportation {unknown}
 h - a scroll of blinking {unknown}
Potions
 k - a potion of heal wounds {unknown}
Books
 b - a book of Flames

   Spells                             Type                      Level
   *Flame Tongue                      Conjuration/Fire             1
   Throw Flame                        Conjuration/Fire             2
   *Conjure Flame                     Conjuration/Fire             3
   Inner Flame                        Hexes/Fire                   3
   *Sticky Flame                      Conjuration/Fire             4
   Fireball                           Conjuration/Fire             5


   Skills:
 - Level 1.7 Dodging
 - Level 1.5 Stealth
 + Level 2.6 Spellcasting
 * Level 3.1 Conjurations
 * Level 5.6 Fire Magic


You couldn't memorise any spells.
You knew the following spells:

 Your Spells              Type           Power        Failure   Level  Hunger
a - Flame Tongue          Conj/Fire      ###..        3%          1    #......
b - Conjure Flame         Conj/Fire      ###.....     12%         3    ###....
c - Sticky Flame          Conj/Fire      ###.....     34%         4    #####..


Dungeon Overview and Level Annotations

Branches:
Dungeon (5/27)
 Temple: D:4-7

Altars:

Shops:
D:4 }   D:5 ?

Annotations:
D:2 Ijyb
D:4 Blork the orc


Innate Abilities, Weirdness & Mutations

You are immune to all types of fire, even holy and hellish.
You are vulnerable to cold.
You need no food.
You have no legs.
You are immune to negative energy.


Message History

Confirm with . or Enter, or press ? or * to list all spells.
Aiming: Sticky Flame
Press: ? - help, Shift-Dir - straight line, f/p - Blork the orc
Aim: Blork the orc, wielding an orcish battleaxe and wearing an orcish robe The sticky flame hits Blork the orc.
Blork the orc is lightly wounded.
Blork the orc is covered in liquid flames!
Blork the orc burns!
Blork the orc hits you with an orcish battleaxe!
* * * LOW HITPOINT WARNING * * *
Unknown command.
Drink which item? (? for menu, Esc to quit)
You suddenly lose the ability to move!
It was a potion of paralysis.
Blork the orc burns!
Blork the orc points at you and mumbles some strange words.
The magic dart hits you!
* * * LOW HITPOINT WARNING * * *
Blork the orc burns!
Blork the orc hits you with an orcish battleaxe!
You die...

# #########..#....
###...<...........
....##.####.......
..........#......#
..................
..........#......########
....#####.#..............
....# .#....#o.....##
....# #....#@......#
....# #....#...##..#
....# #.........# # ....#
#..#.#....# ###
#.%#......#. ..#
#............# ..#
#......%....[# #.. ..# ##
#.############.....# ..#
#.#+#...................


You could see Blork the orc (burning).

Vanquished Creatures
  A phantom (D:4)
  An adder (D:4)
  A worm (D:3)
  A giant gecko (D:2)
  2 bats
  2 giant cockroaches
  2 goblins (D:1)
  4 hobgoblins
  A giant newt (D:2)
  2 kobolds
  6 rats
23 creatures vanquished.

Notes
Turn   | Place    | Note
--------------------------------------------------------------
     0 | D:1      | 4tharraofdagon, the Djinni Fire Elementalist, began the quest for the Orb.
     0 | D:1      | Reached XP level 1. HP: 14/14 MP: 0/0
   119 | D:1      | Reached XP level 2. EP: 15/21
   150 | D:2      | Noticed Ijyb
   233 | D:2      | hi
   392 | D:4      | Noticed Blork the orc
   421 | D:4      | Reached XP level 3. EP: 7/27
   426 | D:4      | Learned a level 3 spell: Conjure Flame
   431 | D:4      | Found Beats' Gadget Boutique.
   480 | D:5      | Entered Level 5 of the Dungeon
   480 | D:5      | Found Saxziac's Magic Scroll Shop.
   480 | D:5      | Noticed a phantom
   480 | D:5      | Noticed an ogre
   484 | D:4      | Noticed a phantom
   518 | D:4      | Killed a phantom
   518 | D:4      | Reached skill level 5 in Fire Magic
   518 | D:4      | Reached XP level 4. EP: 17/35
   536 | D:4      | Learned a level 4 spell: Sticky Flame
   652 | D:4      | Paralysed by a potion of paralysis for 5 turns
   653 | D:4      | Mangled by Blork the orc

Action                   |  1- 3 |  4- 6 || total
-------------------------+-------+-------++-------
Melee: Short sword       |    15 |       ||    15
Throw: Dart              |     2 |       ||     2
 Cast: Flame Tongue      |    39 |     2 ||    41
       Conjure Flame     |     1 |       ||     1
       Sticky Flame      |       |     1 ||     1
  Use: Potion            |     1 |     1 ||     2
